 Dungeon Crawl Stone Soup version 0.20-a0-470-gbb038bd (webtiles) character file.

7225 Amnesiac the Covert (level 10, -4/79 HPs)
             Began as a Vampire Enchanter on Jan 13, 2017.
             Was an Initiate of Gozag.
             Slain by a death yak (37 damage)
             ... on level 9 of the Dungeon.
             The game lasted 00:21:15 (8386 turns).

Amnesiac the Covert (Vampire Enchanter)             Turns: 8386, Time: 00:21:16

Health: -4/79      AC:  6    Str:  7    XL:     10   Next: 88%
Magic:  0/28       EV: 16    Int: 19    God:    Gozag
Gold:   1620       SH:  6    Dex: 17    Spells: 3/21 levels left

rFire  . . .     SeeInvis +     h - +3 dagger (chaos)
rCold  + . .     Gourm    .     m - +1 robe "How Vack" {rC- rCorr MP+9 SInv}
rNeg   + + +     Faith    .     e - +1 buckler
rPois  ∞         Spirit   .     E - +1 hat
rElec  .         Reflect  .     f - +0 cloak
rCorr  +         Harm     .     C - +0 pair of gloves
MR     ++...                    (no boots)
Stlth  +++++++...               (no amulet)
                                K - ring of protection from magic
                                L - +1 ring of evasion

@: very slightly contaminated, bloodless, non-regenerating
A: fangs 3, see invisible, unbreathing
a: Bat Form, Potion Petition, Call Merchant, Bribe Branch, Renounce Religion


You were on level 9 of the Dungeon.
You worshipped Gozag.
Gozag was most pleased with you.
You were bloodless.

You visited 2 branches of the dungeon, and saw 11 of its levels.

You collected 1676 gold pieces.
You paid 56 gold pieces to Gozag.

Inventory:

Hand Weapons
 h - a +3 dagger of chaos (weapon)
 N - a +4 scimitar of flaming
Armour
 e - a +1 buckler (worn)
 f - a +0 cloak (worn)
 m - the +1 robe "How Vack" (worn) {rC- rCorr MP+9 SInv}
   (You found it on level 4 of the Dungeon)

   It makes you vulnerable to cold.
   It affects your magic capacity (+9).
   It lets you see invisible.
   It protects you from acid and corrosion.
 C - a +0 pair of gloves (worn)
 E - a +1 hat (worn)
 O - a +2 robe of fire resistance
Jewellery
 K - a ring of protection from magic (right hand)
 L - a +1 ring of evasion (left hand)
Wands
 y - a wand of acid (14/15)
 D - a wand of polymorph (13/24)
 G - a wand of paralysis (15/24)
Scrolls
 a - a scroll of fog
 k - 2 scrolls of enchant weapon
 p - a scroll of enchant armour
 q - 6 scrolls of identify
 r - a scroll of recharging
 s - 6 scrolls of teleportation
 F - 2 scrolls of amnesia
Potions
 b - a potion of brilliance {unknown}
 d - a potion of ambrosia {unknown}
 g - 3 potions of heal wounds {unknown}
 j - a potion of invisibility {unknown}
 l - a potion of berserk rage {unknown}
 n - 2 potions of flight {unknown}
 u - a potion of resistance {unknown}
 v - a potion of lignification {unknown}
 w - 2 potions of agility {unknown}
 x - 3 potions of curing {unknown}
 z - a potion of might
Books
 c - a book of Maledictions

   Spells                             Type                      Level
   a - Corona                         Hexes                        1
   b - Ensorcelled Hibernation        Hexes/Ice                    2
   c - Confuse                        Hexes                        3
   d - Tukima's Dance                 Hexes                        3
   e - Dazzling Spray                 Conjuration/Hexes            3
 i - a book of Minor Magic

   Spells                             Type                      Level
   a - Magic Dart                     Conjuration                  1
   b - Blink                          Translocation                2
   c - Call Imp                       Summoning                    2
   d - Repel Missiles                 Charms/Air                   2
   e - Slow                           Hexes                        2
   f - Conjure Flame                  Conjuration/Fire             3
   g - Mephitic Cloud                 Conjuration/Poison/Air       3
 J - a Young Poisoner's Handbook

   Spells                             Type                      Level
   a - Sting                          Conjuration/Poison           1
   b - Poisonous Vapours              Poison/Air                   2
   c - Mephitic Cloud                 Conjuration/Poison/Air       3
   d - Olgreb's Toxic Radiance        Poison                       4
   e - Venom Bolt                     Conjuration/Poison           5
 M - a book of Necromancy

   Spells                             Type                      Level
   a - Pain                           Necromancy                   1
   b - Animate Skeleton               Necromancy                   1
   c - Vampiric Draining              Necromancy                   3
   d - Regeneration                   Charms/Necromancy            3
   e - Animate Dead                   Necromancy                   4
   f - Control Undead                 Necromancy                   4


   Skills:
 - Level 7.0 Fighting
 - Level 10.0 Short Blades
 - Level 4.4 Dodging
 - Level 10.1 Stealth
 - Level 4.4 Shields
 - Level 6.0 Spellcasting
 + Level 8.7 Hexes


You had 3 spell levels left.
You knew the following spells:

 Your Spells              Type           Power        Failure   Level  Hunger
a - Repel Missiles        Chrm/Air       #.....       17%         2    None
b - Blink                 Tloc           N/A          17%         2    None
c - Mephitic Cloud        Conj/Pois/Air  #.......     34%         3    ##.....
d - Dazzling Spray        Conj/Hex       ###...       8%          3    ##.....
e - Confuse               Hex            #####...     1%          3    ##.....
w - Tukima's Dance        Hex            #####...     1%          3    ##.....
z - Ensorcelled Hibernat  Hex/Ice        ###...       3%          2    None


Dungeon Overview and Level Annotations

Branches:
Dungeon (10/15)            Temple (1/1) D:4
   Lair: D:8-11         Orc: D:9-12

Altars:
Ashenzari
Cheibriados
Dithmenos
Elyvilon
Fedhas
Gozag
Hepliaklqana
Makhleb
Nemelex Xobeh
Okawaru
Qazlal
Ru
Sif Muna
Trog
Uskayaw
Vehumet
Xom
Yredelemnul
Zin
The Shining One
Beogh

Annotations:
D:4 exclusions: zombie and 1 more exclusion


Innate Abilities, Weirdness & Mutations

You do not heal naturally.
You are immune to poison.
You have razor-sharp teeth.
You have supernaturally acute eyesight. (SInv)
You can survive without breathing.


Message History

Press: ? - help, Shift-Dir - straight line, f/p - death yak
Aim: a death yak You miscast Mephitic Cloud.
Strange energies run through your body. The death yak barely misses you.
Casting: Mephitic Cloud
Confirm with . or Enter, or press ? or * to list all spells.
Aiming: Mephitic Cloud
Press: ? - help, Shift-Dir - straight line, f/p - death yak
Aim: a death yak The ball explodes into a vile cloud!
The stinking cloud engulfs the death yak.
The stinking cloud engulfs you!
The death yak is engulfed in noxious fumes.
The death yak gores you!!
The death yak is engulfed in noxious fumes.
You hit the death yak but do no damage.
The death yak goes berserk!
The death yak is engulfed in noxious fumes.
The death yak gores you!!!
You die...
Your body crumbles into a pile of gold.

#...# #.#.......<.# ##.
######'#####.#.#######.# #.
..........#.....<#...#.#########'
..........#.####.#.#.#.'..##.....
..................(#.#.##.##.....
...........#.###⌠.⌠..#.##.##.....
...........#.#..._...>.##..+.....
..........##.###⌠.⌠###.#####.....
..........##...Y@......# ###'##
######'##############'## #..#
###.# ####..# #####'# #...#
#....######...... #.###
#####+#### #..'.##### #.#
#...<....###.##.....# #.#
#........'...####.### ##.#
#........######...#.. ##..#
#).......# ###.#.#


You could see a death yak (berserk).

Vanquished Creatures
  Erica (D:8)
  2 two-headed ogres
  The ghost of Kareekexe the Firebug, a novice NaFE of Vehumet (D:8)
  The ghost of anet the Magician, a novice DEWz of Ashenzari (D:5)
  Psyche (D:8)
  A hippogriff (D:8)
  A wyvern (D:6)
  4 hogs (D:8)
  A human (D:8)
  The ghost of Duffy the Skirmisher, an amateur DsWn (D:4)
  A porcupine (D:10)
  2 sky beasts
  An ice beast (D:6)
  4 orc warriors
  A black bear (D:8)
  4 ogres
  A centaur (D:7)
  2 bullfrogs
  A water moccasin zombie (D:8)
  8 killer bees
  4 wights (D:9)
  3 crimson imps
  A centaur zombie (D:5)
  5 hounds
  2 orc priests (D:9)
  A centaur skeleton (D:4)
  A jelly (D:7)
  An orc wizard (D:4)
  A bullfrog skeleton (D:6)
  10 worker ants
  2 iguanas
  A killer bee zombie (D:9)
  4 gnolls (D:2)
  8 adders
  3 shadow imps
  An ooze (D:2)
  2 adder zombies (D:5)
  3 worms
  4 dart slugs
  2 leopard geckos
  40 orcs
  5 giant cockroaches
  3 goblins
  8 hobgoblins
  10 jackals
  7 kobolds
  7 quokkas
  2 ball pythons
  10 bats
  3 frilled lizards
  4 rats
197 creatures vanquished.

Notes
Turn   | Place    | Note
-------+----------+-------------------------------------------
     0 | D:1      | Amnesiac the Vampire Enchanter began the quest for the Orb.
     0 | D:1      | Reached XP level 1. HP: 13/13 MP: 3/3
   321 | D:2      | Reached XP level 2. HP: 19/19 MP: 5/5
   325 | D:2      | Learned a level 2 spell: Ensorcelled Hibernation
   359 | D:2      | Found a hide-covered altar of Uskayaw.
  1272 | D:4      | Reached skill level 5 in Hexes
  1272 | D:4      | Reached XP level 3. HP: 21/24 MP: 4/6
  1279 | D:4      | Got a smoking robe
  1290 | D:4      | Identified the cursed +1 robe "How Vack" {rC- rCorr MP+9 SInv} (You found it on level 4 of the Dungeon)
  1369 | D:3      | Learned a level 3 spell: Confuse
  1380 | D:4      | Reached XP level 4. HP: 30/30 MP: 7/7
  1388 | D:4      | Found a sacrificial altar of Ru.
  1400 | D:4      | Noticed Duffy's ghost (amateur DsWn)
  1477 | D:4      | Killed Duffy's ghost
  1477 | D:4      | Reached skill level 5 in Stealth
  1477 | D:4      | Reached XP level 5. HP: 13/35 MP: 1/9
  1597 | D:4      | Noticed an eye of draining
  1597 | D:4      | Noticed an eye of draining
  1739 | D:4      | Reached XP level 6. HP: 35/41 MP: 10/10
  1862 | D:4      | Found a staircase to the Ecumenical Temple.
  1872 | Temple   | Entered the Ecumenical Temple
  1907 | Temple   | Became a worshipper of Gozag Ym Sagoz the Greedy
  2838 | D:2      | Found a stormy altar of Qazlal.
  3576 | D:3      | Found a snail-covered altar of Cheibriados.
  3696 | D:3      | Found a basalt altar of Yredelemnul.
  3698 | D:3      | Noticed a profane servitor
  3711 | D:3      | Found a glowing golden altar of the Shining One.
  3713 | D:3      | Noticed an angel
  4270 | D:5      | Entered Level 5 of the Dungeon
  4333 | D:5      | Found a radiant altar of Vehumet.
  4354 | D:5      | Reached XP level 7. HP: 46/46 MP: 12/12
  4413 | D:5      | Noticed anet's ghost (novice DEWz)
  4483 | D:5      | Killed anet's ghost
  4483 | D:5      | Reached skill level 5 in Spellcasting
  4735 | D:5      | Found a burning altar of Makhleb.
  4941 | D:5      | Found a shattered altar of Ashenzari.
  5191 | D:6      | Reached skill level 1 in Shields
  5191 | D:6      | Reached XP level 8. HP: 52/52 MP: 17/17
  5514 | D:6      | Learned a level 2 spell: Repel Missiles
  5518 | D:6      | Learned a level 2 spell: Blink
  5522 | D:6      | Learned a level 3 spell: Tukima's Dance
  5526 | D:6      | Learned a level 3 spell: Mephitic Cloud
  5530 | D:6      | Learned a level 3 spell: Dazzling Spray
  6023 | D:7      | Reached skill level 5 in Short Blades
  6128 | D:7      | Reached skill level 1 in Fighting
  6494 | D:8      | You fall through a shaft for 2 floors!
  6494 | D:10     | Entered Level 10 of the Dungeon
  6496 | D:10     | Noticed a death yak
  6496 | D:10     | Noticed a death yak
  6508 | D:9      | Reached XP level 9. HP: 41/62 MP: 18/18
  6540 | D:9      | Found a glowing silver altar of Zin.
  6540 | D:9      | Noticed an angel
  6577 | D:9      | Found a snail-covered altar of Cheibriados.
  6771 | D:8      | Noticed a two-headed ogre
  6788 | D:8      | Killed a two-headed ogre
  6799 | D:8      | Noticed Kareekexe's ghost (novice NaFE)
  6839 | D:8      | Killed Kareekexe's ghost
  7105 | D:8      | Reached skill level 10 in Short Blades
  7113 | D:8      | Reached XP level 10. HP: 66/70 MP: 19/19
  7221 | D:8      | Noticed Erica
  7266 | D:8      | Killed Erica
  7266 | D:8      | Reached skill level 10 in Stealth
  7423 | D:8      | Noticed Psyche
  7430 | D:8      | Killed Psyche
  7430 | D:8      | Reached skill level 5 in Fighting
  7713 | D:9      | Found a sparkling altar of Nemelex Xobeh.
  7888 | D:9      | Noticed a two-headed ogre
  7894 | D:9      | Killed a two-headed ogre
  7969 | D:9      | Found a roughly hewn altar of Beogh.
  8352 | D:10     | Noticed a death yak
  8386 | D:9      | Slain by a death yak

Vault maps used:
D:1:      saegor_arrival_simple_d, due_unseen_surprise
D:2:      lemuel_round_altar, nicolae_overflow_hidden_temple
D:3:      grunt_temple_overflow_holy_war, old_standard_altar
D:4:      old_standard_altar, lemuel_zombie_altar_kikubaaqudgha,
          kennysheep_pointless_box, trog_eyes_of_draining
D:5:      lemuel_coloured_pillars_altar, fiery_altar_vehumet, bloody_makhleb,
          first_bread, serial_park_tiny_2
D:8:      grunt_livestock, minivault_26, uniq_psyche, uniq_erica
D:9:      nemelex_xobeh_ov_fountains_minmay, zin_angel, basic_altar
D:10:     dpeg_lair_monsters, uniq_urug
Temple:   jpeg_temple_island

Skill      XL: |  1  2  3  4  5  6  7  8  9 10 |
---------------+-------------------------------+-----
Hexes          | 5 6 7 8 |  8.7
Short Blades   | 2 3 6 10 | 10.0
Dodging        | 3 4 |  4.4
Stealth        | 5 6 10 | 10.1
Spellcasting   | 3 6 |  6.0
Shields        | 1 4 |  4.4
Fighting       | 2 3 7 |  7.0

Action                   |  1- 3 |  4- 6 |  7- 9 | 10-12 || total
-------------------------+-------+-------+-------+-------++-------
Melee: Dagger            |    30 |   145 |   153 |   122 ||   450
       Bite              |     5 |     4 |    15 |     9 ||    33
 Cast: Corona            |     5 |       |       |       ||     5
       Ensorcelled Hiber |     3 |    66 |    54 |    48 ||   171
       Confuse           |       |     8 |    28 |     7 ||    43
       Repel Missiles    |       |       |     1 |       ||     1
       Mephitic Cloud    |       |       |     1 |     1 ||     2
  Use: Scroll            |       |       |       |    15 ||    15
 Stab: Sleeping          |     5 |    62 |    46 |    31 ||   144
       Confused          |       |     5 |    20 |     4 ||    29
       Distracted        |       |     1 |     1 |     1 ||     3
Armor: Robe              |     6 |    31 |    15 |    10 ||    62
Dodge: Dodged            |    17 |   100 |    65 |    58 ||   240
       Deflected         |       |       |     2 |       ||     2
Block: Buckler           |       |       |    13 |    27 ||    40
